 Dungeon Crawl Stone Soup version 0.31.0-11-ge490571c62 (webtiles) character file.

Game seed: 4019244722342338407

7549 NamelessAdventurer the Shooter (level 10, 0/88 HPs)
             Began as a Green Draconian Enchanter on Feb 4, 2024.
             Was an Elder of Cheibriados.
             Slain by a six-headed hydra (7 damage)
             ... on level 1 of the Lair of Beasts.
             The game lasted 00:43:49 (9046 turns).

NamelessAdventurer the Shooter (DrEn)               Turns: 9046, Time: 00:43:50

Health: 0/88       AC: 14    Str: 22    XL:     10   Next: 96%
Magic:  9/25       EV: 15    Int: 26    God:    Cheibriados [****..]
Gold:   569        SH:  0    Dex: 24    Spells: 2/17 levels left

rFire   . . .        a - +2 dagger (elec)
rCold   . . .        (no shield)
rNeg    . . .        (body armour unavailable)
rPois   +            (helmet restricted)
rElec   .            (no cloak)
rCorr   .            (no gloves)
SInv    .            v - +2 pair of boots
Will    .....        (no amulet)
Stlth   ++++         c - +4 ring of protection
HPRegen 0.34/turn    h - ring of magical power
MPRegen 0.19/turn

%: no passive effects
@: flying, very slow
A: breathe noxious fumes, AC +7, unfitting armour, poison resistance,
cold-blooded, big wings, robust 1
a: Breathe Noxious Fumes, Renounce Religion, Bend Time, Temporal Distortion,
Slouch


You were on level 1 of the Lair of Beasts.
You worshipped Cheibriados.
Cheibriados was greatly pleased with you.
You visited 2 branches of the dungeon, and saw 10 of its levels.
You also visited: Sewer.

You collected 569 gold pieces.

Inventory:

Hand Weapons
 a - a +2 dagger of electrocution (weapon)
 e - the +4 sling of Tomorrow {freeze, Int+6 Dex-4}
   (You acquired it on level 6 of the Dungeon)

   Int+6:     It affects your intelligence (+6).
   Dex-4:     It affects your dexterity (-4).
Armour
 v - a +2 pair of boots (worn)
Jewellery
 c - a +4 ring of protection (left hand)
 g - a ring of flight
 h - a ring of magical power (right hand)
 w - a +6 ring of strength
Wands
 j - a wand of flame (8)
 k - a wand of mindburst (4)
 x - a wand of charming (5)
Scrolls
 n - 6 scrolls of immolation
 o - 5 scrolls of fog
 p - 2 scrolls of teleportation
 q - 2 scrolls of noise
 y - a scroll of vulnerability
Potions
 b - 2 potions of invisibility
 f - a potion of cancellation
 i - a potion of resistance
 l - a potion of haste
 r - 4 potions of enlightenment
 t - 3 potions of curing
 z - a potion of ambrosia
 B - a potion of lignification


   Skills:
 * Level 4.6 Fighting
 * Level 4.4 Short Blades
 * Level 6.0 Ranged Weapons
 * Level 3.6 Throwing
 * Level 4.1 Dodging
 * Level 5.8 Stealth
 * Level 4.0 Spellcasting
 * Level 3.5 Conjurations
 * Level 5.8 Hexes
 * Level 4.5 Fire Magic
 * Level 4.2 Ice Magic
 + Level 0.3 Air Magic
 * Level 3.9 Invocations
 * Level 4.0 Evocations


You had 2 spell levels left.
You knew the following spells:

 Your Spells              Type           Power      Damage    Failure   Level
a - Ensorcelled Hibernat  Hex/Ice        62%        N/A       1%          2
b - Tukima's Dance        Hex            35%        N/A       2%          3
c - Foxfire               Conj/Fire      100%       2x1d9     1%          1
d - Confusing Touch       Hex            35%        N/A       2%          3
e - Summon Small Mammal   Summ           20%        N/A       9%          1
f - Mephitic Cloud        Conj/Alch/Air  12%        N/A       16%         3
g - Static Discharge      Conj/Air       30%        3-5/arc   6%          2

Your spell library contained the following spells:

 Spells                   Type           Power      Damage    Failure   Level
 Apportation              Tloc           10%        N/A       9%          1
 Mercury Vapours          Alch/Air       12%        N/A       12%         2
 Lesser Beckoning         Tloc           10%        N/A       13%         2
 Dazzling Flash           Conj/Hex       58%        N/A       3%          3
 Gell's Gravitas          Tloc           5%         N/A       26%         3
 Teleport Other           Tloc           5%         N/A       26%         3
 Airstrike                Air            3%         2d(1-17)  58%         4
 Summon Lightning Spire   Summ/Air       6%         N/A       61%         4
 Freezing Cloud           Conj/Ice/Air   9%         6-21      61%         5
 Leda's Liquefaction      Alch/Erth      2%         N/A       63%         4
 Lee's Rapid Deconstruct  Erth           2%         3d5*      93%         5
 Bombard                  Conj/Erth      7%         9d2       99%         6


Dungeon Overview and Level Annotations

Branches:
Dungeon (9/15)             Temple (0/1) D:6            Lair (1/5) D:8
  Sewer (visited)
    Orc: D:9-12

Altars:
Cheibriados
Dithmenos
Kikubaaqudgha
Vehumet

Shops:
D:1 :   D:9 *

Portals:
Ice
Cave: Lair:1


Innate Abilities, Weirdness & Mutations

You can breathe blasts of noxious fumes.
Your lurid green scales are hard. (AC +7)
You cannot fit into any form of body armour.
Your system is resistant to poisons. (rPois)
You are cold-blooded and may be slowed by cold attacks.
Your large and strong wings let you fly.
You are robust. (+10% HP)


Message History

Press: ? - help, Dir - look around, f - activate You can feel time thicken for a moment.
The polar bear simulacrum vaporises!
Cheibriados lowers the support of your attributes as your movement quickens.
The six-headed hydra barely misses you.
The six-headed hydra bites you but does no damage. x2
The six-headed hydra closely misses you. x2
The six-headed hydra bites you.
* * * LOW HITPOINT WARNING * * *
Unknown command.
Activating: Slouch (28% risk of failure)
Press: ? - help, Dir - look around, f - activate You can feel time thicken for a moment.
You can no longer step out of the flow of time.
Cheibriados lowers the support of your attributes as your movement quickens.
The six-headed hydra bites you.
* * * LOW HITPOINT WARNING * * *
The six-headed hydra bites you!
* * * LOW HITPOINT WARNING * * *
The six-headed hydra bites you.
* * * LOW HITPOINT WARNING * * *
The six-headed hydra closely misses you. x2
The six-headed hydra bites you but does no damage.
You feel much better. The six-headed hydra bites you!
* * * LOW HITPOINT WARNING * * *
The six-headed hydra closely misses you. x2
The six-headed hydra bites you.
* * * LOW HITPOINT WARNING * * *
The six-headed hydra closely misses you.
The six-headed hydra bites you but does no damage.
Aiming: Mindburst
Press: ? - help, Shift-Dir - straight line, f - six-headed hydra
Aim: a six-headed hydra (almost dead, chance to affect: 47%)
The six-headed hydra resists with some effort.
The six-headed hydra bites you but does no damage. x2
The six-headed hydra barely misses you.
The six-headed hydra completely misses you.
The six-headed hydra bites you but does no damage.
The six-headed hydra bites you!
You die...

,,,,,,,,,,,**,* ###.P+#.#######
*,*,****,,***** #####.k<.######
******,,.*** ########...######
***,,*..,***#.#####[##.##.###
***,,,**...,,*#...††.........##
*,**,***....,*#..###.#######.##
*,,,,,,,..∩..,##.#.#.#...F...##
*,,,,,,,$.....##...#.###..#.###
*,,,,,,,!......D@..#...#.....##
*,,,,,,,.(.....#.P.##....#.#.##
,,,,,,,,(......#.#...#.,,*,*,*
,,,,,,,,.......#..##..#,,*,*,*
*,,,,,,,......#....*.#.#,,,,,*
**,*,***######*#.#.(,#,#,***,*
*,^,,,,,,,,** #.#...,,,,,,,,*
******,,**,,***######.********
**,,***,**,+,,* *,,,,,*****


You could see a six-headed hydra.

Vanquished Creatures
  2 two-headed ogres
  Pikel (D:6)
  A troll (D:9)
  A hornet (D:7)
  Eustachio (D:6)
  3 steam dragons
  2 wyverns
  13 yaks
  An acid dragon (D:9)
  A water moccasin (D:6)
  2 sky beasts (D:8)
  A black bear (D:4)
  3 orc warriors
  A lemure (D:6)
  A centaur (D:5)
  A kobold brigand (D:7)
  A brain worm (Sewer)
  2 scorpions
  2 bullfrogs
  A gnoll sergeant (D:9)
  4 wights (D:6)
  A howler monkey (D:7)
  A bombardier beetle (D:5)
  A hound (D:6)
  A jelly (D:6)
  8 orc priests
  2 gnoll boudas
  Ijyb (D:3)
  4 iguanas
  A sleepcap (D:8)
  9 orc wizards
  A polar bear simulacrum (Lair:1)
  9 adders
  11 gnolls
  3 river rats
  2 white imps
  2 ribbon worms (D:3)
  4 dart slugs
  32 orcs
  16 ball pythons
  8 endoplasms
  6 giant cockroaches
  8 goblins
  8 hobgoblins
  4 jackals
  5 quokkas
  22 bats
  7 frilled lizards
  6 kobolds
  4 rats
232 creatures vanquished.

Vanquished Creatures (collateral kills)
  A centaur (D:9)
  An ogre (D:4)
  An orc (D:4)
  A goblin (D:1)
  A kobold (D:1)
  A ball python (D:4)
  A rat (D:3)
7 creatures vanquished.

Vanquished Creatures (others)
  A dancing weapon (D:9)
  28 foxfires
29 creatures vanquished.

Grand Total: 268 creatures vanquished

Notes
Turn   | Place    | Note
-------+----------+-------------------------------------------
     0 | D:1      | NamelessAdventurer the Draconian Enchanter began the quest
                  | for the Orb.
     0 | D:1      | Reached XP level 1. HP: 14/14 MP: 3/3
   257 | D:1      | Found Vajizoz's Book Boutique.
   307 | D:1      | Reached XP level 2. HP: 20/20 MP: 5/5
   427 | D:2      | Learned a level 2 spell: Ensorcelled Hibernation
   526 | D:2      | Reached XP level 3. HP: 23/27 MP: 6/6
   533 | D:2      | Found a faded altar of an unknown god.
   562 | D:2      | Prayed at the altar of an unknown god.
   562 | D:2      | Became a worshipper of Cheibriados the Contemplative
   562 | D:2      | Reached * piety under Cheibriados
   609 | D:2      | Learned a level 3 spell: Tukima's Dance
   879 | D:2      | Got Imigogh's Beginning Course on Wizarding
   882 | D:2      | Learned a level 1 spell: Foxfire
  1247 | D:1      | Reached ** piety under Cheibriados
  1271 | D:1      | Reached XP level 4. HP: 29/34 MP: 7/7
  1482 | D:1      | Reached skill level 1 in Fighting
  1789 | D:3      | Noticed Ijyb
  1800 | D:3      | Killed Ijyb
  1926 | D:3      | Reached skill level 1 in Ice Magic
  2016 | D:3      | Reached *** piety under Cheibriados
  2115 | D:3      | Reached XP level 5. HP: 38/40 MP: 8/8
  2143 | D:3      | Found a glowing drain.
  2151 | Sewer    | Entered a sewer
  2364 | Sewer    | Reached **** piety under Cheibriados
  2374 | Sewer    | Reached skill level 1 in Invocations
  2378 | Sewer    | Reached skill level 1 in Throwing
  2617 | Sewer    | Reached XP level 6. HP: 47/47 MP: 9/9
  2840 | D:3      | Learned a level 3 spell: Confusing Touch
  2842 | D:3      | Learned a level 1 spell: Summon Small Mammal
  3350 | D:4      | Reached skill level 1 in Fire Magic
  3517 | D:4      | Reached skill level 1 in Conjurations
  3576 | D:4      | Reached ***** piety under Cheibriados
  3713 | D:4      | Reached skill level 1 in Evocations
  3713 | D:4      | Your scales start taking on a lurid green colour.
  3713 | D:4      | Reached XP level 7. HP: 53/53 MP: 11/11
  3713 | D:4      | Gained mutation: Your system is resistant to poisons.
                  | (rPois) [Green Draconian growth]
  4002 | D:4      | Gained mutation: You are dopey. (Int -2) [potion of
                  | mutation]
  4002 | D:4      | Gained mutation: You have supernaturally acute eyesight.
                  | (SInv) [potion of mutation]
  4041 | D:5      | Entered Level 5 of the Dungeon
  4084 | D:5      | You fall into a shaft and drop 1 floor!
  4088 | D:6      | Noticed a steam dragon
  4089 | D:6      | Identified a scroll of acquirement
  4089 | D:6      | Acquired the +4 sling of Tomorrow {freeze, Int+6 Dex-4}
  4100 | D:6      | Killed a steam dragon
  4142 | D:6      | Found a staircase to the Ecumenical Temple.
  4249 | D:6      | Reached XP level 8. HP: 43/61 MP: 12/12
  4295 | D:6      | Reached skill level 1 in Ranged Weapons
  4368 | D:6      | Noticed Pikel
  4380 | D:6      | Killed Pikel
  4381 | D:6      | Reached skill level 2 in Ranged Weapons
  4965 | D:6      | Noticed Eustachio
  4972 | D:6      | Killed Eustachio
  5058 | D:6      | Reached skill level 3 in Ranged Weapons
  5222 | D:6      | Reached XP level 9. HP: 70/70 MP: 14/14
  5863 | D:7      | Reached skill level 5 in Stealth
  6023 | D:7      | Found a flagged portal.
  6841 | D:8      | Learned a level 3 spell: Mephitic Cloud
  6891 | D:8      | Learned a level 2 spell: Static Discharge
  6926 | D:8      | Noticed a two-headed ogre
  6936 | D:8      | Killed a two-headed ogre
  6937 | D:8      | Reached skill level 4 in Ranged Weapons
  7102 | D:8      | Found a staircase to the Lair.
  7381 | D:8      | Found a radiant altar of Vehumet.
  7381 | D:8      | Found a faded altar of an unknown god.
  7389 | D:8      | Found an ancient bone altar of Kikubaaqudgha.
  7391 | D:8      | Found a shadowy altar of Dithmenos.
  7393 | D:8      | Found a faded altar of an unknown god.
  7619 | D:9      | Reached XP level 10. HP: 78/78 MP: 15/15
  7687 | D:9      | Reached skill level 5 in Ranged Weapons
  7772 | D:9      | Reached skill level 5 in Hexes
  8317 | D:9      | Lost mutation: You have supernaturally acute eyesight.
                  | (SInv) [potion of mutation]
  8317 | D:9      | Lost mutation: You are dopey. (Int -2) [potion of mutation]
  8317 | D:9      | Gained mutation: You are robust. (+10% HP) [potion of
                  | mutation]
  8317 | D:9      | Gained mutation: Your large and strong wings let you fly.
                  | [potion of mutation]
  8341 | D:9      | Noticed a two-headed ogre
  8356 | D:9      | Killed a two-headed ogre
  8392 | D:9      | Found Sotsiar's Lightly-Used Armoury.
  8719 | D:9      | Found the +4 robe of Folly {Brill Will-∞ Int+8}
  8786 | D:9      | Identified the +5 chain mail of Zom Vim {rCorr}
  8979 | Lair:1   | Entered Level 1 of the Lair of Beasts
  8981 | Lair:1   | Noticed a cane toad
  9009 | Lair:1   | Reached skill level 6 in Ranged Weapons
  9028 | Lair:1   | Noticed a six-headed hydra
  9029 | Lair:1   | Found a frozen archway.
  9044 | Lair:1   | HP: 2/88 [six-headed hydra (3)]
  9046 | Lair:1   | Slain by a six-headed hydra

Illustrated notes

Levels and vault maps discovered:
D:1:      ncdulo_smallfort, layout_loops_ring, serial_forest,
          infiniplex_forest_straight_2, infiniplex_forest_straight_3,
          infiniplex_forest_lined_room_, infiniplex_forest_clump_small,
          infiniplex_forest_end_3, infiniplex_forest_lined_ring, serial_shops,
          shop
D:2:      layout_loops_cross, nicolae_ecumenical_pavilion, st_stairs_11,
          minmay_close_crescents
D:3:      layout_basic, gup_sewer_entry_bubbles, corexii_shack, uniq_ijyb
D:4:      layout_basic
D:5:      layout_rooms
D:6:      layout_layer_cave, minmay_temple_entry_statues_fountains,
          uniq_eustachio, uniq_pikel
D:7:      layout_basic, enter_bailey_8
D:8:      nicolae_cairo_tiling_very_big, layout_basic,
          chequers_temple_overflow_minitemple, moated_statue, minivault_22,
          fountainhead, grunt_ministairs_2
D:9:      minmay_evil_eye, layout_long_grid, serial_glass, glass_columns_c,
          glass_columns_a, glass_columns_b, glass_columns_c, glass_columns_a,
          glass_columns_a, item_on_display_a, feat_on_display,
          minmay_strange_pillars, feat_on_display, minmay_shop_damaged,
          dreamdust_deal_with_the_devil
Lair:1:   layout_roguey, portal_ice_cave_entry_ice_simulacra,
          serial_bayou_shore_a

Skill      XL: |  1  2  3  4  5  6  7  8  9 10 |
---------------+-------------------------------+-----
Hexes          | 3 4 5 |  5.8
Stealth        | 3 4 5 |  5.8
Dodging        | 2 3 4 |  4.1
Fighting       | 1 2 3 4 |  4.6
Ice Magic      | 1 2 3 4 |  4.2
Short Blades   | 2 3 4 |  4.4
Invocations    | 1 2 3 |  3.9
Throwing       | 1 2 3 |  3.6
Fire Magic     | 1 2 3 4 |  4.5
Conjurations   | 1 2 3 |  3.5
Evocations     | 1 2 4 |  4.0
Spellcasting   | 3 4 |  4.0
Ranged Weapons | 3 4 6 |  6.0
Air Magic      | |  0.3

Action                     |  1- 3 |  4- 6 |  7- 9 | 10-12 || total
---------------------------+-------+-------+-------+-------++-------
  Melee: Dagger            |   127 |   159 |    83 |    60 ||   429
         Tailslap          |    12 |    19 |    14 |    12 ||    57
         Punch             |     1 |     1 |     4 |       ||     6
   Fire: Sling             |       |       |   129 |    46 ||   175
  Throw: Dart              |       |     3 |     2 |     6 ||    11
   Cast: Ensorcelled Hiber |     5 |    25 |       |       ||    30
         Tukima's Dance    |     1 |     5 |     1 |     3 ||    10
         Foxfire           |       |     5 |     9 |     2 ||    16
         Static Discharge  |       |       |     3 |    14 ||    17
         Mephitic Cloud    |       |       |     2 |       ||     2
 Invoke: Slouch            |       |       |     1 |     5 ||     6
Ability: Breathe Noxious F |       |       |    29 |    14 ||    43
  Evoke: Wand              |       |     9 |     2 |     1 ||    12
    Use: Scroll            |     3 |    13 |     6 |     3 ||    25
         Potion            |       |     1 |     3 |     2 ||     6
   Stab: Sleeping          |     7 |    24 |     4 |       ||    35
         Distracted        |       |     1 |       |       ||     1
         Confused          |       |       |    13 |     6 ||    19
 Armour: Skin              |    74 |   156 |    79 |   108 ||   417
  Dodge: Dodged            |    68 |   206 |   129 |    80 ||   483
